 Dungeon Crawl Stone Soup version 0.21.1-1-g345015fe64 (webtiles) character file.

26889 Peloso the Carver (level 13, -4/116 HPs)
             Began as a Minotaur Fighter on July 11, 2018.
             Was the Champion of Okawaru.
             Slain by Frances
             ... wielding a +1 flail of protection
              (20 damage)
             ... on level 12 of the Dungeon.
             The game lasted 00:37:43 (16641 turns).

Peloso the Carver (Minotaur Fighter)               Turns: 16641, Time: 00:37:44

Health: -4/116     AC: 18    Str: 23    XL:     13   Next: 1%
Magic:  0/13       EV: 12    Int:  8    God:    Okawaru [******]
Gold:   669        SH: 17    Dex: 13    Spells: 12/12 levels left

rFire    . . .     SeeInvis .   a - +1 long sword
rCold    + . .     Gourm    .   c - +2 shield {rC+}
rNeg     . . .     Faith    .   d - +0 plate armour
rPois    .         Spirit   +   (helmet restricted)
rElec    .         Reflect  .   C - scarf {Spirit}
rCorr    .         Harm     .   (no gloves)
MR       .....                  (no boots)
Stlth    ..........             (no amulet)
HPRegen  0.29/turn              Q - ring of loudness (curse)
MPRegen  0.13/turn              R - +3 ring of intelligence

@: heroism
A: retaliatory headbutt, horns 2
a: Heroism, Finesse, Renounce Religion


You were on level 12 of the Dungeon.
You worshipped Okawaru.
Okawaru was exalted by your worship.
You were very hungry.

You visited 3 branches of the dungeon, and saw 15 of its levels.

You collected 669 gold pieces.

Inventory:

Hand Weapons
 a - a +1 long sword (weapon)
 S - the +5 hand axe of Fear {chop, rElec rF- rN++ Stlth+, unknown}
   (You took it off an orc warrior on level 11 of the Dungeon)

   It inflicts extra damage upon your enemies.
   It makes you vulnerable to fire.
   It insulates you from electricity.
   It greatly protects you from negative energy.
   It makes you more stealthy.
 U - the +5 flail "Posuam" {flame, rElec MR- Int+2}
   (You found it on level 11 of the Dungeon)

   It has been specially enchanted to burn those struck by it, causing extra
   injury to most foes and up to half again as much damage against particularly
   susceptible opponents.
   It affects your intelligence (+2).
   It insulates you from electricity.
   It affects your resistance to hostile enchantments.
Armour
 c - a +2 shield of cold resistance (worn)
 d - a +0 plate armour (worn)
 C - a scarf of spirit shield (worn)
 G - a +1 pair of gloves
Jewellery
 l - a +2 ring of protection
 F - an uncursed ring of protection from fire
 J - a +3 ring of strength
 L - an uncursed ring of wizardry
 M - an uncursed ring of protection from cold
 P - an uncursed amulet of rage
 Q - a cursed ring of loudness (left hand)
 R - a +3 ring of intelligence (right hand)
Wands
 g - a wand of polymorph (11)
 h - a wand of random effects (39)
 n - a wand of clouds (5)
 q - a wand of paralysis (15)
 u - a wand of acid (7)
 y - a wand of iceblast (17)
 N - a wand of flame (53)
Scrolls
 e - 9 scrolls of teleportation
 k - 11 scrolls of identify
 o - 3 scrolls of amnesia
 v - 6 scrolls of enchant armour
 H - 2 scrolls of magic mapping
 V - a scroll of remove curse
 W - a scroll of blinking
Potions
 b - a potion of invisibility
 i - 2 potions of agility
 j - 4 potions of brilliance
 m - 2 potions of berserk rage
 p - 6 potions of curing
 s - a potion of ambrosia
 t - 2 potions of flight
 x - a potion of mutation
 z - 2 potions of might
 A - 2 potions of heal wounds
 D - 2 potions of resistance
Books
 r - a book of Changes

   Spells                             Type                      Level
   a - Beastly Appendage              Transmutation                1
   b - Sticks to Snakes               Transmutation                2
   c - Spider Form                    Transmutation/Poison         3
   d - Ice Form                       Ice/Transmutation            4
   e - Blade Hands                    Transmutation                5
 w - a book of Maledictions

   Spells                             Type                      Level
   a - Corona                         Hexes                        1
   b - Ensorcelled Hibernation        Hexes/Ice                    2
   c - Confuse                        Hexes                        3
   d - Tukima's Dance                 Hexes                        3
   e - Dazzling Spray                 Conjuration/Hexes            3
 B - the Guide on Stones and Augmentations
   (You found it on level 5 of the Dungeon)

   Spells                             Type                      Level
   a - Song of Slaying                Charms                       2
   b - Ozocubu's Armour               Charms/Ice                   3
   c - Petrify                        Transmutation/Earth          4
 I - a book of Cantrips

   Spells                             Type                      Level
   a - Confusing Touch                Hexes                        1
   b - Animate Skeleton               Necromancy                   1
   c - Summon Small Mammal            Summoning                    1
   d - Apportation                    Translocation                1
 K - a book of Conjurations

   Spells                             Type                      Level
   a - Magic Dart                     Conjuration                  1
   b - Searing Ray                    Conjuration                  2
   c - Dazzling Spray                 Conjuration/Hexes            3
   d - Fulminant Prism                Conjuration/Hexes            4
   e - Force Lance                    Conjuration/Translocation    4
   f - Iskenderun's Mystic Blast      Conjuration                  4
 O - the Grimoire of Dark Rites and Fire
   (You found it on level 11 of the Dungeon)

   Spells                             Type                      Level
   a - Animate Dead                   Necromancy                   4
   b - Fireball                       Conjuration/Fire             5
   c - Death Channel                  Necromancy                   6
Miscellaneous
 E - a lightning rod (4/4)
 T - a crystal ball of energy
Comestibles
 f - 27 rations


   Skills:
 + Level 11.5(16.5) Fighting
 + Level 14.4(19.4) Long Blades
 + Level 12.9(17.9) Armour
 + Level 3.5(8.5) Dodging
 + Level 1.3(6.3) Stealth
 + Level 13.1(18.1) Shields
 + Level 0.6 Invocations
 + Level 2.1 Evocations


You had 12 spell levels left.
You didn't know any spells.

Dungeon Overview and Level Annotations

Branches:
Dungeon (12/15)            Temple (1/1) D:6            Lair (2/6) D:8
 Spider (0/4) Lair:2
  Swamp: Lair:2-4    Shoals: Lair:2-4       Orc: D:9-12

Altars:
Cheibriados
Dithmenos
Elyvilon
Fedhas
Hepliaklqana
Kikubaaqudgha
Nemelex Xobeh
Okawaru
Qazlal
Ru
Trog
Uskayaw
Vehumet
Yredelemnul
Zin
The Shining One

Annotations:
D:9 exclusion: orange crystal statue
D:11 exclusion: obsidian statue
D:12 Frances


Innate Abilities, Weirdness & Mutations

You reflexively headbutt those who attack you in melee.
You have a pair of horns on your head.


Message History

You hit Frances but do no damage. You headbutt Frances!
Frances is almost dead.
Frances hits you with a flail of protection.
Unknown command.
You slash Frances! Your headbutt misses Frances.
Frances is almost dead.
You block Frances's attack.
You hit Frances but do no damage.
Frances is almost dead.
You block Frances's attack.
You hit Frances. You headbutt Frances, but do no damage.
Frances is almost dead.
Frances screams a word of power!
The iron shot hits you!
* * * LOW HITPOINT WARNING * * *
Unknown command.
You hit Frances but do no damage.
Frances is almost dead.
Frances hits you with a flail of protection!!
You die...

# #o### # ...
#.###
#.##.###......
#...oo........
#####@####.###
#@## #..#
##.##
##..##...
#<........
###.##.... .#
.#. .. + #.#


You could see Frances, an orc wizard and an orc.

Vanquished Creatures
  A death knight (D:11)
  5 two-headed ogres
  The ghost of SlightEye the Cutter, a novice OpAs of Dithmenos (D:8)
  A skeletal warrior (D:11)
  An orc knight (D:11)
  An orb spider (Lair:2)
  3 ugly things (D:11)
  The ghost of SlightEye the Covert, a novice OpAs of Dithmenos (D:5)
  3 cyclopes (D:11)
  5 elephants (Lair:2)
  7 spiny frogs
  A kobold demonologist (D:11)
  A rime drake (Lair:2)
  A komodo dragon (Lair:1)
  A queen bee (D:9)
  The ghost of 3rdEnemy the Shield-Bearer, an amateur MiFi (D:3)
  3 trolls (D:11)
  5 blink frogs (Lair:1)
  4 hippogriffs
  Sigmund (D:6)
  2 shadows (D:11)
  3 wraiths (D:11)
  10 yaks
  A wyvern (D:10)
  A vampire mosquito (D:11)
  Grum (D:8)
  A basilisk (D:11)
  Edmund (D:6)
  7 water moccasins
  4 porcupines (Lair:1)
  6 orc warriors
  2 eyes of draining (D:7)
  2 sky beasts
  A black bear (D:10)
  An ice beast (D:11)
  A necrophage (D:11)
  2 boggarts (D:11)
  8 ogres
  9 wolves
  A phantom (D:10)
  7 crocodiles
  4 centaurs
  2 big kobolds
  13 bullfrogs
  A wyvern zombie (D:11)
  A gnoll sergeant (D:7)
  3 scorpions
  13 killer bees (D:9)
  5 wights (D:6)
  3 electric eels
  A howler monkey (D:6)
  4 crimson imps
  A quasit (D:7)
  A centaur zombie (D:7)
  5 orc priests
  A centaur skeleton (D:4)
  A bullfrog skeleton (D:12)
  5 hounds
  An iguana (D:9)
  Terence (D:2)
  14 orc wizards
  7 worker ants
  A worker ant zombie (D:11)
  6 adders
  11 gnolls
  4 shadow imps
  An ooze (D:7)
  4 adder skeletons
  3 dart slugs
  5 leopard geckos
  24 orcs
  2 ball pythons
  7 bats
  5 giant cockroaches
  4 goblins
  14 hobgoblins
  8 jackals
  6 quokkas
  8 frilled lizards
  A jackal zombie (D:9)
  22 kobolds
  A leopard gecko skeleton (D:4)
  A leopard gecko zombie (D:9)
  A quokka skeleton (D:4)
  9 rats
353 creatures vanquished.

Vanquished Creatures (others)
  An orc wizard (D:10)
  A fungus (Lair:2)
2 creatures vanquished.

Grand Total: 355 creatures vanquished

Notes
Turn   | Place    | Note
-------+----------+-------------------------------------------
     0 | D:1      | Peloso the Minotaur Fighter began the quest for the Orb.
     0 | D:1      | Reached XP level 1. HP: 19/19 MP: 0/0
   114 | D:1      | Reached XP level 2. HP: 25/27 MP: 1/1
   366 | D:1      | Reached XP level 3. HP: 33/33 MP: 2/2
   455 | D:1      | Reached skill level 3 in Long Blades
   818 | D:2      | Reached XP level 4. HP: 39/41 MP: 3/3
  1414 | D:2      | Found a sparkling altar of Nemelex Xobeh.
  1573 | D:2      | Found a sparkling altar of Nemelex Xobeh.
  1610 | D:2      | Noticed Terence
  1616 | D:2      | Killed Terence
  1616 | D:2      | Reached skill level 4 in Long Blades
  1616 | D:2      | Reached XP level 5. HP: 47/47 MP: 4/4
  1955 | D:3      | Found a faded altar of an unknown god.
  2111 | D:3      | Noticed 3rdEnemy's ghost (amateur MiFi)
  2468 | D:3      | Killed 3rdEnemy's ghost
  2468 | D:3      | Reached skill level 5 in Long Blades
  2468 | D:3      | Reached skill level 5 in Armour
  2468 | D:3      | Reached skill level 1 in Dodging
  2468 | D:3      | Reached skill level 5 in Shields
  2468 | D:3      | Reached XP level 6. HP: 44/55 MP: 5/5
  2721 | D:3      | Reached XP level 7. HP: 55/60 MP: 6/6
  3255 | D:4      | Reached skill level 5 in Fighting
  3255 | D:4      | Reached skill level 6 in Long Blades
  3581 | D:5      | Entered Level 5 of the Dungeon
  3618 | D:5      | Noticed SlightEye's ghost (novice OpAs)
  3628 | D:5      | Killed SlightEye's ghost
  3628 | D:5      | Reached skill level 7 in Long Blades
  3628 | D:5      | Reached XP level 8. HP: 68/68 MP: 7/7
  3726 | D:5      | Identified the Guide on Stones and Augmentations
  3727 | D:5      | Reached skill level 1 in Stealth
  3807 | D:5      | Reached skill level 8 in Long Blades
  4624 | D:6      | Noticed Sigmund
  4639 | D:6      | Killed Sigmund
  4639 | D:6      | Reached XP level 9. HP: 62/75 MP: 8/8
  4783 | D:6      | Found a staircase to the Ecumenical Temple.
  4789 | Temple   | Entered the Ecumenical Temple
  4808 | Temple   | Became a worshipper of Warmaster Okawaru
  4856 | D:6      | Noticed Edmund
  4874 | D:6      | Killed Edmund
  5708 | D:7      | Reached skill level 9 in Long Blades
  5735 | D:7      | Found a bloodstained altar of Trog.
  5784 | D:7      | Reached * piety under Okawaru
  6399 | D:8      | Reached skill level 10 in Long Blades
  6448 | D:8      | Found a blossoming altar of Fedhas.
  6492 | D:8      | Noticed SlightEye's ghost (novice OpAs)
  6524 | D:8      | Killed SlightEye's ghost
  6736 | D:8      | Found a glowing silver altar of Zin.
  6768 | D:8      | Noticed Grum
  6771 | D:8      | Reached XP level 10. HP: 78/86 MP: 9/9
  6780 | D:8      | Killed Grum
  6794 | D:8      | Reached ** piety under Okawaru
  6911 | D:8      | Found a staircase to the Lair.
  6918 | D:8      | Found a radiant altar of Vehumet.
  6962 | D:8      | Reached skill level 11 in Long Blades
  7444 | D:9      | Noticed an orange crystal statue
  7533 | D:9      | Reached skill level 10 in Shields
  7565 | D:9      | HP: 4/88 [poisoned by a killer bee]
  7572 | D:9      | HP: 3/88 [poisoned by a killer bee]
  7578 | D:8      | HP: 3/88 [poisoned by a killer bee]
  7586 | D:8      | HP: 2/88 [poisoned by a killer bee]
  8017 | D:9      | Noticed a two-headed ogre
  8026 | D:9      | Killed a two-headed ogre
  8246 | D:9      | Found a snail-covered altar of Cheibriados.
  8531 | D:10     | Entered Level 10 of the Dungeon
  8711 | D:10     | Noticed a two-headed ogre
  8722 | D:10     | Killed a two-headed ogre
  8722 | D:10     | Reached *** piety under Okawaru
  8722 | D:10     | Reached skill level 12 in Long Blades
  9878 | D:10     | Reached XP level 11. HP: 95/95 MP: 10/10
  9977 | D:11     | Noticed an obsidian statue
  9999 | D:11     | Noticed a cyan ugly thing
 10008 | D:11     | Killed a cyan ugly thing
 10108 | D:11     | Noticed a death knight
 10109 | D:11     | Noticed a skeletal warrior
 10111 | D:11     | Noticed a purple ugly thing
 10431 | Lair:1   | Entered Level 1 of the Lair of Beasts
 10449 | Lair:1   | Reached **** piety under Okawaru
 10805 | Lair:1   | Received a gift from Okawaru
 10876 | Lair:1   | Reached skill level 1 in Evocations
 11092 | Lair:1   | Reached skill level 10 in Armour
 11333 | Lair:1   | Reached ***** piety under Okawaru
 11333 | Lair:1   | Reached skill level 13 in Long Blades
 12446 | Lair:2   | Reached skill level 10 in Fighting
 13044 | Lair:2   | Reached XP level 12. HP: 64/107 MP: 12/12
 13116 | Lair:2   | Received a gift from Okawaru
 13556 | Lair:2   | Found a hole to the Spider Nest.
 14441 | D:11     | Noticed a two-headed ogre
 14450 | D:11     | Killed a two-headed ogre
 14458 | D:11     | Noticed a two-headed ogre
 14468 | D:11     | Killed a two-headed ogre
 14468 | D:11     | Reached skill level 14 in Long Blades
 14999 | D:11     | Noticed a two-headed ogre
 15021 | D:11     | Killed a two-headed ogre
 15049 | D:11     | Reached ****** piety under Okawaru
 15232 | D:11     | Got a faintly glowing hand axe {chop}
 15564 | D:11     | Identified the Grimoire of Dark Rites and Fire
 15701 | D:11     | Killed a death knight
 16041 | D:11     | Got a dazzling flail
 16042 | D:11     | Identified the +5 flail "Posuam" {flame, rElec MR- Int+2} (You found it on level 11 of the Dungeon)
 16073 | D:11     | Reached XP level 13. HP: 78/116 MP: 9/13
 16612 | D:12     | Noticed Frances
 16641 | D:12     | Slain by Frances

Skill      XL: |  1  2  3  4  5  6  7  8  9 10 11 12 |
---------------+-------------------------------------+-----
Armour         | 4 5 6 7 8 9 11 12 | 12.9
Fighting       | 4 5 7 8 10 11 | 11.5
Shields        | 4 5 6 8 9 10 11 13 | 13.1
Long Blades    | 3 4 5 7 8 10 12 13 14 | 14.4
Dodging        | 1 2 3 |  3.5
Stealth        | 1 |  1.3
Evocations     | 1 2 |  2.1
Invocations    | |  0.6

Action                   |  1- 3 |  4- 6 |  7- 9 | 10-12 | 13-15 || total
-------------------------+-------+-------+-------+-------+-------++-------
Melee: Long sword        |    70 |   122 |   355 |   897 |    25 ||  1469
       Headbutt          |     9 |    21 |    90 |   220 |    10 ||   350
Invok: Heroism           |       |       |     1 |     4 |     1 ||     6
Evoke: Wand              |       |       |     3 |    12 |       ||    15
  Use: Potion            |       |     1 |     4 |     3 |       ||     8
       Scroll            |       |       |       |    20 |       ||    20
  Eat: Chunk             |       |     6 |    10 |    24 |       ||    40
       Ration            |       |       |     1 |     2 |       ||     3
Armor: Scale mail        |    34 |    52 |       |       |       ||    86
       Chain mail        |       |    12 |    20 |       |       ||    32
       Plate armour      |       |       |   153 |   248 |       ||   401
Dodge: Dodged            |    20 |    46 |    63 |   167 |     3 ||   299
Block: Shield            |    42 |    69 |   204 |   469 |     9 ||   793
       Rpst.: Long sword |     6 |    10 |    11 |    58 |     2 ||    87
